Map: Orbital Shipyard

Players

StriderDoom

  • Race: Terran Terran
  • League: Bronze

wabbajack - Winner!

  • Race: Zerg Zerg
  • League: Gold

VOD

Have the link to the VOD?

Description

Time

  • Played on: July 18, 2015, 3:49 p.m.
  • Length: 4:20
Show
View Real Time Build Order
Export as new Build Order

StriderDoom Terran 

Build Orders:  

Get SALT Encoding   

  12  0:01  SCV  
  13  0:13  SCV  
  14  0:19  Supply Depot  
  14  0:28  SCV  
  15  0:42  Refinery  
  15  0:45  Supply Depot  
  15  0:50  Barracks  
  15  0:57  SCV  
  16  1:09  SCV  
  17  1:12  Supply Depot  
  16  1:27  Refinery  
  16  1:28  SCV  
  17  1:40  Marine  
  17  1:43  Orbital Command  
  18  2:21  Command Center  
  18  2:30  Barracks Tech Lab  
  18  2:37  Barracks  
  18  2:39  SCV  
  19  2:51  SCV  
  20  3:27  Supply Depot, Engineering Bay  
  20  3:29  Supply Depot  
  20  3:33  Barracks Reactor  
  20  3:39  Factory  
  20  3:46  Orbital Command  
  20  3:57  SCV  
Show
View Real Time Build Order
Export as new Build Order

wabbajack Zerg - Winner!

Build Orders: Pool First 

Get SALT Encoding   

  12  0:01  Drone  
  13  0:13  Overlord  
  13  0:18  Drone  
  14  0:24  Extractor  
  14  0:25  Drone  
  14  0:41  Spawning Pool  
  13  0:45  Drone  
  13  0:48  Drone  
  15  0:53  Drone  
  16  1:03  Drone  
  17  1:28  Drone  
  17  1:29  Overlord  
  17  1:30  Queen  
  20  1:33  Metabolic Boost  
  20  1:38  Zergling x2  
  21  1:50  Drone  
  21  1:53  Drone  
  23  2:10  Pneumatized Carapace  
  23  2:15  Zergling x4  
  24  2:21  Hatchery  
  24  2:30  Baneling Nest  
  24  2:36  Drone  
  24  2:43  Zergling x2  
  25  2:45  Zergling x6  
  25  2:48  Zergling x2  
  29  2:54  Overlord  
  29  3:22  Baneling  
  29  3:23  Baneling  
Tags
 
Add a new tag
Caveats
  • Supply blocks, unpowered buildings, or Contaminate may cause inaccurate times.
  • Supply counts are checked every 10 seconds.